 Dungeon Crawl Stone Soup version 0.30-a0-824-g6c64550be9 (webtiles) character file.

Game seed: 9536693875207346374

81 DrKenneth the Shield-Bearer (level 4, -4/41 HPs)
             Began as a Minotaur Fighter on Feb 27, 2023.
             Slain by a gnoll
             ... wielding a +0 halberd
              (6 damage)
             ... on level 2 of the Dungeon.
             The game lasted 00:02:51 (1698 turns).

DrKenneth the Shield-Bearer (Minotaur Fighter)      Turns: 1698, Time: 00:02:51

Health: -4/41      AC:  7    Str: 23    XL:     4   Next: 20%
Magic:  3/3        EV:  9    Int:  5    God:
Gold:   129        SH:  4    Dex:  9    Spells: 3/3 levels left

rFire   . . .      SeeInvis .    a - +0 war axe
rCold   . . .      Faith    .    c - +0 buckler
rNeg    . . .      Spirit   .    b - +0 scale mail
rPois   .          Reflect  .    (helmet restricted)
rElec   .          Harm     .    (no cloak)
rCorr   .          Rampage  .    (no gloves)
Will    .....                    (no boots) Stlth
                                 (no amulet)
HPRegen 0.26/turn                (no ring)
MPRegen 0.08/turn                (no ring)

@: no status effects
A: horns 2, retaliatory headbutt
a: no special abilities


You were on level 2 of the Dungeon.
You visited 1 branch of the dungeon, and saw 2 of its levels.

You collected 129 gold pieces.

Inventory:

Hand Weapons
 a - a +0 war axe (weapon)
Missiles
 l - 2 silver javelins (quivered)
Armour
 b - a +0 scale mail (worn)
 c - a +0 buckler (worn)
Scrolls
 e - 2 scrolls of vulnerability {unknown}
 g - a scroll of poison {unknown}
 h - 3 scrolls of identify {unknown}
 k - a scroll of torment {unknown}
 n - 2 scrolls of teleportation {unknown}
 o - a scroll of immolation {unknown}
Potions
 d - a potion of might
 f - 2 potions of haste {unknown}
 i - a potion of ambrosia {unknown}
 j - 2 potions of curing {unknown}
 m - a potion of resistance {unknown}
 p - a potion of brilliance {unknown}


   Skills:
 + Level 4.4 Fighting
 + Level 3.3 Axes
 + Level 4.3 Armour
 + Level 4.4 Shields


You had 3 spell levels left.
You didn't know any spells.
Your spell library was empty.

Dungeon Overview and Level Annotations

Branches:
Dungeon (2/15)

Altars:


Innate Abilities, Weirdness & Mutations

You have a pair of horns on your head.
You reflexively headbutt those who attack you in melee.


Message History

You kill the gnoll!
The gnoll hits you from afar with a +0 spear.
You have reached level 4!
You feel stronger.
The gnoll hits you from afar with a +0 halberd!
The gnoll closely misses you.
Items here: )) ††.
You closely miss the gnoll. The gnoll closely misses you.
You block the gnoll's attack. The gnoll closely misses you.
The gnoll hits you with a +0 spear.
You are too injured to fight recklessly!
You are too injured to fight recklessly!
You are too injured to fight recklessly!
You are too injured to fight recklessly!
You are too injured to fight recklessly!
You slash the gnoll!
The gnoll is severely wounded.
The gnoll closely misses you. The gnoll hits you but does no damage.
You hit the gnoll but do no damage.
The gnoll is severely wounded.
You block the gnoll's attack. The gnoll hits you with a +0 spear.
* * * LOW HITPOINT WARNING * * *
You barely miss the gnoll. You headbutt the gnoll.
You kill the gnoll!
The gnoll hits you from afar with a +0 halberd.
* * * LOW HITPOINT WARNING * * *
The gnoll closely misses you. The gnoll hits you with a +0 halberd.
* * * LOW HITPOINT WARNING * * *
You see here a +0 spear.
You barely miss the gnoll. The gnoll barely misses you.
You furiously retaliate!
You headbutt the gnoll. You closely miss the gnoll.
Your headbutt misses the gnoll.
The gnoll is lightly wounded.
The gnoll hits you with a +0 halberd.
* * * LOW HITPOINT WARNING * * *
You barely miss the gnoll.
The gnoll is lightly wounded.
You block the gnoll's attack. The gnoll hits you with a +0 halberd.
You die...

#.# #.#...# #.#
#.##..# #.#
#...†.. #.#
####### #.#
#...... #.#
#.###.. #.# #.#
#.#
#####.#####.#.#
#..
#g@)........#.#
#..
#.###.....?.#.#
### #.
........#.# #
#. #########.#
# #. #.# # #.
#.# # #. #.# #
#. #######.# #
........#####


You could see a gnoll.

Vanquished Creatures
  An adder (D:2)
  3 gnolls (D:2)
  2 dart slugs (D:1)
  4 ball pythons (D:1)
  3 endoplasms (D:1)
  5 giant cockroaches
  6 goblins
  A hobgoblin (D:2)
  3 bats
  5 frilled lizards
  2 kobolds
  5 rats
40 creatures vanquished.

Vanquished Creatures (others)
  38 plants
38 creatures vanquished.

Grand Total: 78 creatures vanquished

Notes
Turn   | Place    | Note
-------+----------+-------------------------------------------
     0 | D:1      | DrKenneth the Minotaur Fighter began the quest for the Orb.
     0 | D:1      | Reached XP level 1. HP: 19/19 MP: 0/0
   255 | D:1      | Reached XP level 2. HP: 27/27 MP: 1/1
   782 | D:1      | Reached XP level 3. HP: 29/33 MP: 2/2
  1109 | D:2      | Found a faded altar of an unknown god.
  1690 | D:2      | Reached XP level 4. HP: 27/41 MP: 3/3
  1697 | D:2      | HP: 2/41 [gnoll/+0 halberd (4)]
  1698 | D:2      | Slain by a gnoll

Illustrated notes

Levels and vault maps discovered:
D:1:      roderic_crop_circles_arrival_small, layout_basic, minmay_pentomino_v2
D:2:      layout_basic, shapermc_ecumenical_altar_acropolis, minmay_door_square,
          serial_bayou_lagoon_b, uniq_terence

Skill      XL: |  1  2 |
---------------+-------+-----
Armour         | 4 |  4.3
Shields        | 4 |  4.4
Fighting       | 4 |  4.4
Axes           | 3 |  3.3

Action                     |  1- 3 |  4- 6 || total
---------------------------+-------+-------++-------
  Melee: War axe           |   102 |     7 ||   109
         Headbutt          |    12 |     1 ||    13
 Armour: Scale mail        |    52 |     1 ||    53
  Dodge: Dodged            |    47 |     6 ||    53
  Block: Buckler           |    20 |     3 ||    23

Table legend: (Time is in decaauts)
 A = Elapsed time spent in this place.
 B = Non-inter-level travel time spent in this place.
 C = Inter-level travel time spent in this place.
 D = Time resting spent in this place.
 E = Time spent auto-exploring this place.
 F = Levels seen in this place.
 G = Mean time per level.
                   A        B        C        D        E       F      G
               +--------+--------+--------+--------+--------+-----+--------+
         Total |   1760 |   1695 |     65 |      0 |   1227 |   2 |  880.0 |
       Dungeon |   1760 |   1695 |     65 |      0 |   1227 |   2 |  880.0 |
               +--------+--------+--------+--------+--------+-----+--------+

Top non-repeatable levels by time:
     D:1: 1022 daAuts
     D:2: 738 daAuts
